 Dungeon Crawl Stone Soup version 0.28-b1-25-g9875b3fc8c (webtiles) character file.

Game seed: 4577429485504652930

27 adizb the Chopper (level 2, 0/27 HPs)
             Began as a Deep Dwarf Berserker on Feb 3, 2022.
             Was a Follower of Trog.
             Slain by a hobgoblin (3 damage)
             ... on level 1 of the Dungeon.
             The game lasted 00:03:12 (333 turns).

adizb the Chopper (Deep Dwarf Berserker)             Turns: 333, Time: 00:03:14

Health: 0/27       AC:  2    Str: 20    XL:     2   Next: 93%
Magic:  2/2        EV: 12    Int:  7    God:    Trog [*.....]
Gold:   77         SH:  0    Dex: 12    Spells: 1/1 levels left

rFire   . . .      SeeInvis .   a - +0 hand axe
rCold   . . .      Faith    .   (no shield)
rNeg    . . .      Spirit   .   b - +0 animal skin
rPois   .          Reflect  .   (no helmet)
rElec   .          Harm     .   (no cloak)
rCorr   .          Rampage  .   (no gloves)
Will    .....                   (no boots)
Stlth   +.........              (no amulet)
HPRegen 0.00/turn               (no ring)
MPRegen 0.08/turn               (no ring)

@: no status effects
A: damage resistance, heal wounds, sense surroundings 1, no regeneration
a: Heal Wounds, Renounce Religion, Berserk


You were on level 1 of the Dungeon.
You worshipped Trog.
Trog was aware of your devotion.
You visited 1 branch of the dungeon, and saw 1 of its levels.

You collected 77 gold pieces.

Inventory:

Hand Weapons
 a - a +0 hand axe (weapon)
Armour
 b - a +0 animal skin (worn)
Scrolls
 c - a scroll of teleportation {unknown}
 e - a scroll of identify {unknown}
Potions
 d - a potion of brilliance {unknown}


   Skills:
 + Level 2.9 Fighting
 * Level 3.7 Axes
 + Level 2.4 Armour
 + Level 2.5 Dodging
 + Level 1.0 Shields


You had one spell level left.
You didn't know any spells.
Your spell library was empty.

Dungeon Overview and Level Annotations

Branches:
Dungeon (1/15)

Altars:


Innate Abilities, Weirdness & Mutations

You are resistant to damage.
You can heal yourself by infusing magical energy.
You passively map a small area around you.
You do not regenerate.


Message History

Trog accepts your kill.
A bat comes into view.
The bat barely misses you.
You closely miss the bat. The bat barely misses you.
The bat closely misses you.
You miss the bat. The bat hits you but does no damage.
The bat hits you but does no damage. The bat hits you but does no damage.
The bat hits you. The bat hits you but does no damage.
The bat closely misses you. The bat hits you but does no damage.
You closely miss the bat. The bat hits you but does no damage. x3
You hit the bat but do no damage. The bat barely misses you.
You closely miss the bat. The bat misses you. The bat hits you.
The bat closely misses you. The bat hits you.
You hit the bat.
You kill the bat!
Trog accepts your kill.
A kobold comes into view. It is wielding a +0 short sword.
A hobgoblin comes into view.
The kobold shouts!
The hobgoblin shouts!
You barely miss the kobold.
The kobold hits you with a +0 short sword.
You barely miss the kobold. The kobold misses you.
You closely miss the kobold. You closely miss the hobgoblin.
The kobold hits you with a +0 short sword.
* * * LOW HITPOINT WARNING * * *
The hobgoblin misses you.
You barely miss the kobold. Your punch misses the kobold.
You hit the hobgoblin. The kobold closely misses you. The hobgoblin hits you.
You closely miss the kobold. You hit the hobgoblin but do no damage.
The kobold hits you with a +0 short sword.
The hobgoblin closely misses you.
You barely miss the hobgoblin.
The hobgoblin is lightly wounded.
You hit the kobold.
The kobold hits you with a +0 short sword.
* * * LOW HITPOINT WARNING * * *
The hobgoblin hits you.
You die...

#.######.########.#
#.# #. * # ######.#
#.#### .......#
#....# * * *
######.# #..#.# ,
#.######..#.##
#..†.........####.#
#.######..........#,
#.#######.#@K......
#.........##g######
########### .# *.#
*.# * * .. ##


You could see a hobgoblin and a kobold.

Vanquished Creatures
  A dart slug (D:1)
  3 ball pythons (D:1)
  An endoplasm (D:1)
  3 goblins (D:1)
  3 hobgoblins (D:1)
  2 kobolds (D:1)
  2 quokkas (D:1)
  5 bats (D:1)
  A frilled lizard (D:1)
21 creatures vanquished.

Notes
Turn   | Place    | Note
-------+----------+-------------------------------------------
     0 | D:1      | adizb the Deep Dwarf Berserker began the quest for the Orb.
     0 | D:1      | Reached XP level 1. HP: 20/20 MP: 1/1
   147 | D:1      | Reached XP level 2. HP: 16/27 MP: 2/2
   264 | D:1      | Found a faded altar of an unknown god.
   278 | D:1      | Reached skill level 1 in Shields
   333 | D:1      | Slain by a hobgoblin

Illustrated notes

Levels and vault maps discovered:
D:1:      scummos_arrival_simple_crosswalls, layout_loops_ring,
          chequers_ecumenical_altar_simple, grunt_decor_one_mirror,
          chequers_serial_rivers_small_b

Skill      XL: |  1  2 |
---------------+-------+-----
Shields        | 1 |  1.0
Fighting       | |  2.9
Axes           | |  3.7
Armour         | |  2.4
Dodging        | |  2.5

Action                   || total
-------------------------++-------
Melee: Hand axe          ||    74
Armor: Animal skin       ||    27
Dodge: Dodged            ||    68
